 Dungeon Crawl Stone Soup version 0.27.1-1-g398f81649c (webtiles) character file.

Game seed: 18031135705306719919

3 MajorAdolf the Stinger (level 1, -1/18 HPs)
             Began as a Naga Wanderer on Sept 11, 2021.
             Slain by a kobold (5 damage)
             ... on level 1 of the Dungeon.
             The game lasted 00:00:41 (65 turns).

MajorAdolf the Stinger (Naga Wanderer)                Turns: 65, Time: 00:00:42

Health: -1/18      AC:  1    Str: 15    XL:     1   Next: 50%
Magic:  4/4        EV:  9    Int:  9    God:
Gold:   21         SH:  0    Dex: 12    Spells: 6/6 levels left

rFire    . . .     SeeInvis +   a - +0 club
rCold    . . .     Faith    .   (no shield)
rNeg     . . .     Spirit   .   b - +0 robe
rPois    +         Reflect  .   (no helmet)
rElec    .         Harm     .   (no cloak)
rCorr    .         Rampage  .   (no gloves)
Will     .....                  (no barding)
Stlth    ++........             (no amulet)
HPRegen  0.06/turn              (no ring)
MPRegen  0.09/turn              (no ring)

@: very slow
A: AC +0, large, see invisible, deformed body, poison resistance, slowness 2,
spit poison 1, naga tail 1
a: Spit Poison


You were on level 1 of the Dungeon.
You visited 1 branch of the dungeon, and saw 1 of its levels.

You collected 21 gold pieces.

Inventory:

Hand Weapons
 a - a +0 club (weapon)
 d - a +0 dagger
Armour
 b - a +0 robe (worn)
Scrolls
 e - a scroll of identify {unknown}
Potions
 c - a potion of curing


   Skills:
 + Level 1.0 Fighting
 - Level 3.0 Stealth
 - Level 3.0 Spellcasting
 - Level 2.0 Hexes
 - Level 4.0 Poison Magic


You had 6 spell levels left.
You didn't know any spells.
Your spell library contained the following spells:

 Spells                   Type           Power      Damage    Failure   Level
 Sting                    Tmut/Pois      16%        1d3       13%         1
 Poisonous Vapours        Pois/Air       8%         N/A       21%         2
 Apportation              Tloc           2%         N/A       30%         1
 Mephitic Cloud           Conj/Pois/Air  3%         N/A       45%         3
 Olgreb's Toxic Radiance  Pois           8%         N/A       50%         4
 Teleport Other           Tloc           1%         N/A       65%         3


Dungeon Overview and Level Annotations

Branches:
Dungeon (1/15)

Altars:


Innate Abilities, Weirdness & Mutations

Your serpentine skin is tough. (AC +0)
You have supernaturally acute eyesight. (SInv)
Armour fits poorly on your strangely shaped body.
Your system is resistant to poisons. (rPois)
You cover ground very slowly.
You can spit poison.
You have a snake-like lower body.


Message History

An endoplasm is nearby!
You are too injured to fight recklessly!
An endoplasm is nearby!
You are too injured to fight recklessly!
Unknown command.
You hit the endoplasm.
You kill the endoplasm!
A frilled lizard comes into view.
Found 18 gold pieces.
The frilled lizard hisses angrily.
You hear a shout!
A kobold comes into view. It is wielding a +0 club.
The kobold throws a stone.
The stone closely misses you.
You hear a bark! x2
Unknown command.
Okay, then.
Unknown command.
You start resting.
There are monsters nearby!
There are monsters nearby!
Press: ? - help, Shift-Dir - straight line, f - frilled lizard
Aim: a frilled lizard The splash of poison misses the frilled lizard.
The frilled lizard bites you.
Unknown command.
You barely miss the frilled lizard.
The frilled lizard closely misses you. x2
You closely miss the frilled lizard. The frilled lizard closely misses you.
You hit the frilled lizard.
You kill the frilled lizard!
A jackal comes into view.
The jackal moves out of view.
Your Fighting skill increases to level 1!
You hit the kobold but do no damage.
You have got your breath back.
The kobold hits you with a +0 club.
* * * LOW HITPOINT WARNING * * *
The kobold closely misses you.
You completely miss the kobold. The kobold barely misses you.
Unknown command.
You closely miss the kobold. The kobold hits you with a +0 club.
You die...

.. .. ######.###
.......... #..l$..h.#
.. .K.....#.# ..
#....#.# .. #....#@##
.. #....K..### ##..
###.##....### ##..# #
##.##...#######..##
........)............
..#########...#..#...
... ###...##... ##
######... #...


You could see a jackal and a kobold.

Vanquished Creatures
  An endoplasm (D:1)
  A goblin (D:1)
  A frilled lizard (D:1)
3 creatures vanquished.

Notes
Turn   | Place    | Note
-------+----------+-------------------------------------------
     0 | D:1      | MajorAdolf the Naga Wanderer began the quest for the Orb.
     0 | D:1      | MajorAdolf set off with the following items: a +0 club, a
                  | +0 robe, a potion of curing, a +0 dagger; and the following
                  | spells available to memorise: Sting, Poisonous Vapours,
                  | Apportation, Mephitic Cloud, Olgreb's Toxic Radiance,
                  | Teleport Other
     0 | D:1      | Reached XP level 1. HP: 15/15 MP: 4/4
    63 | D:1      | Reached skill level 1 in Fighting
    65 | D:1      | Slain by a kobold

Illustrated notes

Levels and vault maps discovered:
D:1:      mrwooster_arrival_statue_2, layout_basic, basic_ecumenical_altar

Skill      XL: |  1 |
---------------+----+-----
Fighting       | 1 |  1.0
Stealth        | |  3.0
Spellcasting   | |  3.0
Hexes          | |  2.0
Poison Magic   | |  4.0

Action                   || total
-------------------------++-------
Melee: Club              ||    15
 Abil: Spit Poison       ||     1
Armor: Robe              ||     1
Dodge: Dodged            ||    12
